 Dungeon Crawl Stone Soup version 0.21.1-1-g345015f (webtiles) character file.

21 Grib the Sneak (level 2, -1/14 HPs)
             Began as a Vine Stalker Enchanter on June 4, 2018.
             Slain by a worm (7 damage)
             ... on level 2 of the Dungeon.
             The game lasted 00:08:41 (1130 turns).

Grib the Sneak (Vine Stalker Enchanter)             Turns: 1130, Time: 00:08:43

Health: -1/14      AC:  7    Str: 10    XL:     2   Next: 83%
Magic:  0/6        EV: 10    Int: 15    God:
Gold:   28         SH:  0    Dex: 14    Spells: 2/5 levels left

rFire    . . .     SeeInvis .   a - +1 dagger
rCold    . . .     Gourm    .   (no shield)
rNeg     . . .     Faith    .   g - +0 ring mail
rPois    .         Spirit   +   j - +0 helmet
rElec    .         Reflect  .   b - +0 cloak
rCorr    .         Harm     .   (no gloves)
MR       .....                  (no boots)
Stlth    ++........             (no amulet)
HPRegen  0.04/turn              (no ring)
MPRegen  0.10/turn              (no ring)

@: very slightly contaminated
A: fangs 2, magic shield, antimagic bite, no potion heal 3, rot immunity
a: no special abilities


You were on level 2 of the Dungeon.
You were not hungry.

You visited 1 branch of the dungeon, and saw 2 of its levels.

You collected 28 gold pieces.

Inventory:

Hand Weapons
 a - a +1 dagger (weapon)
 h - a +0 short sword
Armour
 b - a +0 cloak (worn)
 g - a +0 ring mail (worn)
 i - a +0 chain mail
 j - a +0 helmet (worn)
Scrolls
 f - a scroll of remove curse {unknown}
Books
 c - a book of Maledictions

   Spells                             Type                      Level
   a - Corona                         Hexes                        1
   b - Ensorcelled Hibernation        Hexes/Ice                    2
   c - Confuse                        Hexes                        3
   d - Tukima's Dance                 Hexes                        3
   e - Dazzling Spray                 Conjuration/Hexes            3
Comestibles
 d - a ration


   Skills:
 + Level 0.3 Fighting
 + Level 1.1 Short Blades
 + Level 0.4 Armour
 + Level 1.7 Dodging
 + Level 3.8 Stealth
 * Level 2.4 Spellcasting
 * Level 3.1 Hexes
 + Level 0.1 Ice Magic


You had 2 spell levels left.
You knew the following spells:

 Your Spells              Type           Power        Failure   Level  Hunger
a - Corona                Hex            ##.....      16%         1    #......
b - Ensorcelled Hibernat  Hex/Ice        #.....       38%         2    ###....


Dungeon Overview and Level Annotations

Branches:
Dungeon (2/15)

Altars:
Okawaru


Innate Abilities, Weirdness & Mutations

You have extremely sharp teeth.
When hurt, damage is shared between your health and your magic reserves.
Your bite disrupts and absorbs the magic of your enemies.
Potions cannot restore your health.
You are immune to rotting.


Message History

You hit the worm.
The worm is moderately wounded.
You hit the worm.
The worm is moderately wounded.
The worm barely misses you.
You completely miss the worm. You bite the worm, but do no damage.
The worm is moderately wounded.
You hit the worm. You bite the worm. You drain its power.
You feel invigorated.
The worm is severely wounded.
The worm bites you.
Casting: Corona
Confirm with . or Enter, or press ? or * to list all spells.
Aiming: Ensorcelled Hibernation
Press: ? - help, Shift-Dir - straight line, f/p - worm
Aim: a worm (heavily wounded, softly glowing, chance to defeat MR: 47%)
You miscast Ensorcelled Hibernation.
Multicoloured lights dance before your eyes!
The worm bites you!
Ouch! That really hurt!
You die...

..... #.. .
.....##.#.#
...(....#. ......#..
## #. ........##
###...... #[.##....
.#.S ##..#..# .....
#######.....###.....#
.......@w....%.....#
.###.#....#........#
# #.#######.....# ...
.....# ...## .....#
### .##### .# ##


You could see a worm.

Vanquished Creatures
  An ooze (D:1)
  A dart slug (D:1)
  A bat (D:1)
  3 hobgoblins (D:1)
  3 frilled lizards (D:1)
  3 kobolds (D:1)
  4 rats (D:1)
16 creatures vanquished.

Notes
Turn   | Place    | Note
-------+----------+-------------------------------------------
     0 | D:1      | Grib the Vine Stalker Enchanter began the quest for the Orb.
     0 | D:1      | Reached XP level 1. HP: 9/9 MP: 4/4
   335 | D:1      | Found an iron altar of Okawaru.
   371 | D:1      | Reached skill level 1 in Short Blades
   371 | D:1      | Reached XP level 2. HP: 13/13 MP: 6/6
   378 | D:1      | Learned a level 2 spell: Ensorcelled Hibernation
  1130 | D:2      | Slain by a worm

Skill      XL: |  1 |
---------------+----+-----
Short Blades   | 1 |  1.1
Fighting       | |  0.3
Armour         | |  0.4
Dodging        | |  1.7
Stealth        | |  3.8
Spellcasting   | |  2.4
Hexes          | |  3.1
Ice Magic      | |  0.1

Action                   || total
-------------------------++-------
Melee: Dagger            ||    33
       Bite              ||     8
 Cast: Corona            ||     4
       Ensorcelled Hiber ||     2
 Stab: Sleeping          ||     7
  Eat: Chunk             ||     1
Armor: Robe              ||     4
Dodge: Dodged            ||    12
